 Dungeon Crawl Stone Soup version 0.19.5 (webtiles) character file.

23 Hybris the Sneak (level 2, -1/13 HPs)
             Began as a Spriggan Enchanter on Mar 25, 2017.
             Slain by a hobgoblin
             ... wielding a +0 club
              (3 damage)
             ... on level 1 of the Dungeon.
             The game lasted 00:02:05 (747 turns).

Hybris the Sneak (Spriggan Enchanter)                Turns: 747, Time: 00:02:06

Health: -1/13      AC:  3    Str:  4    XL:     2   Next: 72%
Magic:  6/6        EV: 18    Int: 16    God:
Gold:   35         SH:  0    Dex: 16    Spells: 2 memorised, 3 levels left

rFire  . . .     SeeInvis +     a - +1 dagger
rCold  . . .     Gourm    .     b - +1 robe
rNeg   . . .     Faith    +     (shield restricted)
rPois  .         Spirit   .     (helmet restricted)
rElec  .         Reflect  .     (no cloak)
rCorr  .         Harm     .     (gloves unavailable)
MR     .....                    (boots unavailable)
Stlth  +++.......               f - amulet of faith (curse)
                                (no ring)
                                (no ring)

@: very quick
A: unfitting armour, see invisible, herbivore 3, speed 3, slow metabolism 2
a: no special abilities


You were on level 1 of the Dungeon.
You were not hungry.

You visited 1 branch of the dungeon, and saw 1 of its levels.

You collected 35 gold pieces.

Inventory:

Hand Weapons
 a - a +1 dagger (weapon)
Armour
 b - a +1 robe (worn)
Jewellery
 f - a cursed amulet of faith (around neck)
Books
 c - a book of Maledictions

   Spells                             Type                      Level
   a - Corona                         Hexes                        1
   b - Ensorcelled Hibernation        Hexes/Ice                    2
   c - Confuse                        Hexes                        3
   d - Tukima's Dance                 Hexes                        3
   e - Dazzling Spray                 Conjuration/Hexes            3
Comestibles
 d - 2 bread rations


   Skills:
 * Level 2.3 Short Blades
 - Level 3.0 Dodging
 - Level 4.8 Stealth
 - Level 2.6 Spellcasting
 + Level 3.8 Hexes
 + Level 0.2 Ice Magic


You had 3 spell levels left.
You knew the following spells:

 Your Spells              Type           Power        Failure   Level  Hunger
a - Corona                Hex            ##.....      4%          1    #......
b - Ensorcelled Hibernat  Hex/Ice        #.....       14%         2    ##.....


Dungeon Overview and Level Annotations

Branches:
Dungeon (1/15)

Altars:


Innate Abilities, Weirdness & Mutations

You are very small and have problems with some larger weapons.
You are too small for most types of armour.
You have supernaturally acute eyesight. (SInv)
You are a herbivore.
You cover ground extremely quickly.
You need consume almost no food.


Message History

The slug dart hits you!
A hobgoblin comes into view. It is wielding a club.
Things that are here:
a dagger; a goblin corpse The hobgoblin shouts!
You hit the dart slug but do no damage. The dart slug barely misses you.
You hit the dart slug.
The dart slug is moderately wounded.
The dart slug barely misses you.
You hit the dart slug.
The dart slug is moderately wounded.
You hit the dart slug but do no damage.
The dart slug is moderately wounded.
The hobgoblin hits you with a club.
* * * LOW HITPOINT WARNING * * *
The dart slug closely misses you.
You are too injured to fight recklessly!
It was a potion of cure mutation.
It has a very clean taste.
The hobgoblin hits you with a club.
You die...

*,,,,,,,*#############
*,,,,,................
****,...#####.#†......
**#........#.......
######................
#.....................
#.....................
#...w..........######.
*##....@.........#......
#.....g.).......##......
*#......#................
*.......####.............
*.......####........#####
*...####............####
*.##* #.#.............#
*,* **,♣♣....#.......#
*,* *,≈≈♣....#.......#


You could see a dart slug and a hobgoblin.

Vanquished Creatures
  2 bats (D:1)
  2 giant cockroaches (D:1)
  4 goblins (D:1)
  A hobgoblin (D:1)
  4 jackals (D:1)
  3 frilled lizards (D:1)
  5 rats (D:1)
21 creatures vanquished.

Notes
Turn   | Place    | Note
-------+----------+-------------------------------------------
     0 | D:1      | Hybris the Spriggan Enchanter began the quest for the Orb.
     0 | D:1      | Reached XP level 1. HP: 9/9 MP: 5/5
   177 | D:1      | Reached XP level 2. HP: 11/13 MP: 6/6
   350 | D:1      | Learned a level 2 spell: Ensorcelled Hibernation
   747 | D:1      | Slain by a hobgoblin

Skill      XL: |  1  2 |
---------------+-------+-----
Short Blades   | 2 |  2.3
Dodging        | |  3.0
Stealth        | |  4.8
Spellcasting   | |  2.6
Hexes          | |  3.8
Ice Magic      | |  0.2

Action                   || total
-------------------------++-------
Melee: Dagger            ||   115
  Use: Scroll            ||     1
       Potion            ||     1
 Stab: Sleeping          ||     4
Armor: Robe              ||    22
Dodge: Dodged            ||    87
